 Dungeon Crawl Stone Soup version 0.19.1-1-g22dce08 (webtiles) character file.

98 ImaNewbie the Insei (level 4, -4/30 HPs)
             Began as an Octopode Transmuter on Jan 20, 2017.
             Slain by Grinder (8 damage)
             ... on level 3 of the Dungeon.
             The game lasted 00:02:47 (2164 turns).

ImaNewbie the Insei (Octopode Transmuter)           Turns: 2164, Time: 00:02:47

Health: -4/30      AC:  1    Str:  9    XL:     4   Next: 71%
Magic:  7/7        EV: 13    Int: 15    God:
Gold:   92         SH:  0    Dex: 13    Spells: 2 memorised, 4 levels left

rFire  . . .     SeeInvis .     r - +0 quarterstaff
rCold  . . .     Gourm    .     (shield currently unavailable)
rNeg   . . .     Faith    .     (helmet restricted)
rPois  .         Spirit   .     (no amulet)
rElec  .         Reflect  .     (no ring)
rCorr  .         Harm     .     (no ring)
MR     .....                    (no ring)
Stlth  +++.......               (no ring)
                                (no ring)
                                (no ring)
                                (no ring)
                                (no ring)

@: appendage (expiring), flying
A: almost no armour, stealthy swim, amphibious, 8 rings, constrict 8, tentacle
spike 3, camouflage 1, gelatinous body 1
a: End Transformation


You were on level 3 of the Dungeon.
You were not hungry.
One of your tentacles had a temporary spike.
You visited 1 branch of the dungeon, and saw 3 of its levels.

You collected 92 gold pieces.

Inventory:

Hand Weapons
 r - a +0 quarterstaff (weapon)
Missiles
 a - 66 arrows
Scrolls
 e - 3 scrolls of identify {unknown}
 h - 6 scrolls of remove curse {unknown}
 i - a scroll of enchant armour {unknown}
 j - a scroll of immolation {unknown}
 k - a scroll of teleportation {unknown}
 l - a scroll of blinking {unknown}
 p - a scroll of fear {unknown}
Potions
 d - a potion of ambrosia {unknown}
 n - a potion of flight
 o - a potion of heal wounds {unknown}
Books
 b - a book of Changes

   Spells                             Type                      Level
   a - Beastly Appendage              Transmutation                1
   b - Sticks to Snakes               Transmutation                2
   c - Spider Form                    Transmutation/Poison         3
   d - Ice Form                       Ice/Transmutation            4
   e - Blade Hands                    Transmutation                5
Comestibles
 c - a bread ration
 f - 2 meat rations
 g - a slice of pizza
 m - a fruit
 q - 4 chunks of flesh


   Skills:
 - Level 2.5 Fighting
 - Level 2.0 Dodging
 + Level 1.7 Stealth
 - Level 4.0 Unarmed Combat
 - Level 2.0 Spellcasting
 + Level 2.5 Transmutations


You had 4 spell levels left.
You knew the following spells:

 Your Spells              Type           Power        Failure   Level  Hunger
a - Beastly Appendage     Tmut           #.....       10%         1    #......
b - Sticks to Snakes      Tmut           #.......     12%         2    ###....


Dungeon Overview and Level Annotations

Branches:
Dungeon (3/15)

Altars:

Annotations:
D:3 Grinder


Innate Abilities, Weirdness & Mutations

You cannot wear most types of armour.
You are very stealthy in the water. (Stealth+)
You are amphibious.
You can wear up to eight rings at the same time.
You can use your tentacles to constrict eight enemies at once.
Your skin changes colour to match your surroundings (Stealth+).
Your rubbery body absorbs attacks. (AC +1, EV +1)
One of your tentacles bears a large vicious spike.


Message History

You constrict Grinder.
Grinder struggles to blink free from constriction.
Grinder gestures at you. Pain shoots through your body!
* * * LOW HITPOINT WARNING * * *
You hit Grinder.
Grinder is severely wounded.
You constrict Grinder, but do no damage.
Grinder closely misses you.
You hit Grinder but do no damage.
Grinder is severely wounded.
Your transformation is almost over.
You constrict Grinder. Grinder gestures at you. Pain shoots through your body!
* * * LOW HITPOINT WARNING * * *
It was a potion of flight.
You feel very buoyant.
You fly up into the air.
You constrict Grinder. Grinder hits you!
You die...

##5## #.# .#
..##..@####.##.#.###
......%..............
...###.#####.##.#.###
. #. #.# .# #? #.# #
#. ... #. .#. .. #.
.# ## ##


You could see Grinder.

Vanquished Creatures
  4 adders
  An ooze (D:1)
  2 worms
  A dart slug (D:2)
  3 leopard geckos
  11 bats
  2 giant cockroaches
  3 goblins
  6 hobgoblins
  4 kobolds
  3 quokkas
  4 frilled lizards
  6 rats
50 creatures vanquished.

Notes
Turn   | Place    | Note
-------+----------+-------------------------------------------
     0 | D:1      | ImaNewbie the Octopode Transmuter began the quest for the Orb.
     0 | D:1      | Reached XP level 1. HP: 13/13 MP: 3/3
    88 | D:1      | Reached XP level 2. HP: 18/18 MP: 5/5
   360 | D:1      | Reached XP level 3. HP: 23/24 MP: 6/6
  1381 | D:2      | Reached skill level 4 in Unarmed Combat
  1424 | D:2      | Reached XP level 4. HP: 20/30 MP: 7/7
  1703 | D:2      | Learned a level 2 spell: Sticks to Snakes
  1900 | D:3      | Reached skill level 1 in Stealth
  2154 | D:3      | Noticed Grinder
  2164 | D:3      | Slain by Grinder

Skill      XL: |  1  2  3  4 |
---------------+-------------+-----
Fighting       | 2 |  2.5
Unarmed Combat | 4 |  4.0
Stealth        | 1 |  1.7
Dodging        | |  2.0
Spellcasting   | |  2.0
Transmutations | |  2.5

Action                   |  1- 3 |  4- 6 || total
-------------------------+-------+-------++-------
Melee: Unarmed           |    73 |     8 ||    81
       Constrict         |    19 |    13 ||    32
       Tentacles         |    11 |     8 ||    19
       Kick              |     1 |     5 ||     6
       Punch             |     1 |       ||     1
       Quarterstaff      |       |    39 ||    39
 Cast: Beastly Appendage |     1 |     2 ||     3
  Use: Potion            |       |     1 ||     1
 Stab: Sleeping          |     4 |     4 ||     8
  Eat: Chunk             |     1 |     3 ||     4
Armor: Skin              |     9 |     5 ||    14
Dodge: Dodged            |    42 |    28 ||    70
